 Dungeon Crawl Stone Soup version 0.20.0-15-g7f486f2 (webtiles) character file.

6 esteth the Digger (level 1, -2/10 HPs)
             Began as a Gargoyle Earth Elementalist on June 17, 2017.
             Slain by a leopard gecko (4 damage)
             ... on level 1 of the Dungeon.
             The game lasted 00:00:43 (448 turns).

esteth the Digger (Gargoyle Earth Elementalist)      Turns: 448, Time: 00:00:44

Health: -2/10      AC:  4    Str: 11    XL:     1   Next: 90%
Magic:  0/3        EV: 12    Int: 15    God:
Gold:   40         SH:  0    Dex: 10    Spells: 3/4 levels left

rFire    . . .     SeeInvis .   (no weapon)
rCold    . . .     Gourm    .   (no shield)
rNeg     + . .     Faith    .   c - +0 robe
rPois    ∞         Spirit   .   (no helmet)
rElec    +         Reflect  .   (no cloak)
rCorr    .         Harm     .   (no gloves)
MR       .....                  (no boots)
Stlth    ++........             (no amulet)
Regen    0.1/turn               (no ring)
MPRegen  0.1/turn               (no ring)

@: very slightly contaminated
A: negative energy resistance 1, electricity resistance, unbreathing,
petrification resistance, rot immunity, AC +2
a: no special abilities


You were on level 1 of the Dungeon.
You were not hungry.

You visited 1 branch of the dungeon, and saw 1 of its levels.

You collected 40 gold pieces.

Inventory:

Missiles
 b - 55 stones (quivered)
Armour
 c - a +0 robe (worn)
Scrolls
 a - a scroll of identify {unknown}
 g - a scroll of teleportation {unknown}
 i - 2 scrolls of amnesia {unknown}
Potions
 f - 2 potions of heal wounds {unknown}
Books
 e - a book of Geomancy

   Spells                             Type                      Level
   a - Sandblast                      Earth                        1
   b - Passwall                       Transmutation/Earth          2
   c - Stone Arrow                    Conjuration/Earth            3
   d - Petrify                        Transmutation/Earth          4
   e - Lee's Rapid Deconstruction     Earth                        5
Comestibles
 d - 2 bread rations
 h - a chunk of flesh


   Skills:
 - Level 1.5 Dodging
 - Level 2.1 Stealth
 - Level 2.0 Spellcasting
   Level 0.7 Transmutations
 + Level 4.2 Earth Magic


You had 3 spell levels left.
You knew the following spells:

 Your Spells              Type           Power        Failure   Level  Hunger
a - Sandblast             Erth           ##....       4%          1    #......


Dungeon Overview and Level Annotations

Branches:
Dungeon (1/15)

Altars:


Innate Abilities, Weirdness & Mutations

You are resistant to torment.
Your stone body is resilient. (AC +2)
You are immune to poison.
You resist negative energy. (rN+)
You are resistant to electric shocks. (rElec)
You can survive without breathing.
You are immune to petrification.
You are immune to rotting.


Message History

Casting: Sandblast
Confirm with . or Enter, or press ? or * to list all spells.
Aiming: Sandblast
Press: ? - help, Shift-Dir - straight line, f - leopard gecko
Aim: a leopard gecko (heavily wounded, clinging)
You miscast Sandblast.
You are very lightly contaminated with residual magic.
Motes of dust swirl before your eyes. The leopard gecko bites you.
You barely miss the leopard gecko.
The leopard gecko is heavily wounded.
The leopard gecko closely misses you.
The leopard gecko bites you but does no damage.
You hit the leopard gecko.
The leopard gecko is severely wounded.
The leopard gecko bites you.
* * * LOW HITPOINT WARNING * * *
You closely miss the leopard gecko.
The leopard gecko is severely wounded.
The leopard gecko bites you.
You die...

#.#####.# #.#...#.#
#.......# # ........##[.
.# ....g......# ###.###
#.#...##### .......
#.##...######## .......
#.......)..)..###.......
#..#...######..l@.......
#..##### #.###.......
#..# #.# ....... #..#
#.# ....... #..# #.#
####### #..# #.# #..#
#.# ...# #.# .# #.# #.#


You could see a leopard gecko.

Vanquished Creatures
  2 goblins (D:1)
  A hobgoblin (D:1)
  A bat (D:1)
  A kobold (D:1)
  A rat (D:1)
6 creatures vanquished.

Notes
Turn   | Place    | Note
-------+----------+-------------------------------------------
     0 | D:1      | esteth the Gargoyle Earth Elementalist began the quest for the Orb.
     0 | D:1      | Reached XP level 1. HP: 10/10 MP: 3/3
   429 | D:1      | Reached skill level 4 in Earth Magic
   448 | D:1      | Slain by a leopard gecko

Skill      XL: |  1 |
---------------+----+-----
Earth Magic    | 4 |  4.2
Dodging        | |  1.5
Stealth        | |  2.1
Spellcasting   | |  2.0
Transmutations | |  0.7

Action                   || total
-------------------------++-------
Melee: Unarmed           ||    40
 Cast: Sandblast         ||     3
 Stab: Sleeping          ||     2
Armor: Robe              ||    13
Dodge: Dodged            ||    25
